 Dungeon Crawl Stone Soup version 0.27-a0-1378-gdefffd1ff6 (webtiles) character file.

Game seed: 18021376083658518395

678 night the Stinger (level 7, -2/41 HPs)
             Began as an Octopode Venom Mage on June 30, 2021.
             Was an Initiate of Gozag.
             Shot with an arrow by a centaur (7 damage)
             ... on level 5 of the Dungeon.
             The game lasted 00:12:16 (3394 turns).

night the Stinger (Octopode Venom Mage)             Turns: 3394, Time: 00:12:16

Health: -2/41      AC:  3    Str: 13 (14) XL:     7   Next: 60%
Magic:  2/15       EV: 13    Int: 19      God:    Gozag
Gold:   171        SH:  0    Dex: 11 (12) Spells: 4/17 levels left

rFire    . . .     SeeInvis .   m - +1 mace (protect)
rCold    . . .     Faith    .   (no shield)
rNeg     . . .     Spirit   .   (helmet restricted)
rPois    .         Reflect  .   (no amulet)
rElec    .         Harm     .   j - ring of willpower
rCorr    .         Rampage  .   l - +6 ring of strength
Will     +....                  (no ring)
Stlth    +++.......             (no ring)
HPRegen  1.13/turn              (no ring)
MPRegen  0.14/turn              (no ring)
                                (no ring)
                                (no ring)

@: gold aura, very slightly contaminated
A: almost no armour, amphibious, 8 rings, camouflage 1, gelatinous body 1,
(nimble swimmer 1), tentacles, iridescent scales 1, deterioration 1,
regeneration 1
a: Renounce Religion, Potion Petition, Call Merchant, Bribe Branch


You were on level 5 of the Dungeon.
You worshipped Gozag.
Gozag was aware of your devotion.
You visited 2 branches of the dungeon, and saw 6 of its levels.

You collected 215 gold pieces.
You paid 44 gold pieces to Gozag.

Inventory:

Hand Weapons
 b - a +0 battleaxe
 c - a +0 mace
 e - a +0 dagger
 h - a +1 dagger of draining
 m - a +1 mace of protection (weapon)
 o - a +2 flail of holy wrath
Missiles
 a - 142 stones (quivered)
 i - 10 poisoned darts
 n - 26 sling bullets
 t - 5 boomerangs
Jewellery
 j - a ring of willpower (left tentacle)
 l - a +6 ring of strength (right tentacle)
Wands
 q - a wand of paralysis (5)
Scrolls
 p - a scroll of immolation
Potions
 d - a potion of magic
 f - 2 potions of haste
 g - 2 potions of berserk rage
 k - 2 potions of attraction {unknown}
 r - a potion of brilliance
 s - a potion of heal wounds {unknown}


   Skills:
 - Level 2.0 Dodging
 - Level 2.6 Stealth
 + Level 5.5 Spellcasting
 - Level 1.0 Transmutations
 + Level 7.7 Poison Magic


You had 4 spell levels left.
You knew the following spells:

 Your Spells              Type           Power      Damage    Failure   Level
a - Sting                 Tmut/Pois      84%        1d7       1%          1
b - Poisonous Vapours     Pois/Air       40%        N/A       3%          2
c - Ignite Poison         Fire/Tmut/Pois 16%        N/A       11%         3
d - Olgreb's Toxic Radia  Pois           34%        N/A       4%          4
e - Mephitic Cloud        Conj/Pois/Air  15%        N/A       12%         3

Your spell library contained the following spells:

 Spells                   Type           Power      Damage    Failure   Level


Dungeon Overview and Level Annotations

Branches:
Dungeon (5/15)             Temple (1/1) D:4

Altars:
Ashenzari
Cheibriados
Dithmenos
Elyvilon
Fedhas
Gozag
Hepliaklqana
Kikubaaqudgha
Nemelex Xobeh
Okawaru
Qazlal
Ru
Trog
Vehumet
Xom
Yredelemnul
Zin
The Shining One

Annotations:
D:4 1 runed translucent door, ipx's ghost, amateur DEFE


Innate Abilities, Weirdness & Mutations

You cannot wear most types of armour.
You are amphibious.
You can wear up to eight rings at the same time.
Your skin changes colour to match your surroundings (Stealth+).
Your rubbery body absorbs attacks. (AC +1, EV +1)
((You are camouflaged near water. (Stealth+)))
You have tentacles for arms and can constrict up to eight enemies at once.
You are partially covered in iridescent scales. (AC +2)
Your body sometimes deteriorates upon taking damage.
Your natural rate of healing is unusually fast.


Message History

You don't know that spell.
You hit the bush but do no damage. You squeeze the bush, but do no damage.
The centaur wields a +0 shortbow.
The centaur shoots an arrow.
The arrow hits you!
You closely miss the ice beast. You squeeze the ice beast!
The ice beast is heavily wounded.
The centaur shoots an arrow.
The arrow barely misses you. The ice beast misses you.
The centaur shoots an arrow.
The arrow hits you!
Your body deteriorates!
You feel weakened.
Your magical contamination has completely faded away.
You hit the ice beast.
Your weapon exudes an aura of protection.
The ice beast is heavily wounded.
The centaur looks more healthy.
The centaur shoots an arrow.
The arrow hits you.
The ice beast hits you but does no damage.
The centaur shoots an arrow.
The arrow hits you.
Casting: Sting (safe; 1% risk of failure)
Confirm with . or Enter, or press ? or * to list all spells.
You begin to radiate toxic energy.
The centaur is poisoned.
The ice beast hits you but does no damage.
Unknown command.
Casting: Olgreb's Toxic Radiance (dangerous; 4% risk of failure)
Confirm with . or Enter, or press ? or * to list all spells.
You miscast Ignite Poison.
You are very lightly contaminated with residual magic.
Nothing appears to happen.
The centaur looks even sicker.
Your toxic aura wanes.
The centaur shoots an arrow.
The arrow misses you. The ice beast hits you.
* * * LOW HITPOINT WARNING * * *
The ice beast freezes you!
* * * LOW HITPOINT WARNING * * *
Your body deteriorates!
You feel clumsy.
Aiming: Paralyse
Press: ? - help, Shift-Dir - straight line, f - ice beast
Aim: an ice beast (heavily wounded, chance to affect: 46%)
The ice beast suddenly stops moving!
The centaur shoots an arrow.
The arrow hits you!
You die...
Your body crumbles into a pile of gold.

.....#######.###.##
..............#...+
.....#######...# .
.....# ##.### .(
##.### #...# ...
#.# #.#[######...#
#.# #.$.......# #.#
#..PPP.P#.# #.
#..P@PcP#


##.PPYPP# #..PPPP...... #...PP..#.... #... ..#..... ##. ... #.#. #. .### .# # .#
# ## You could see an ice beast (paralysed) and a centaur (very poisoned).

Vanquished Creatures
  An ice beast (D:4)
  A centaur (D:5)
  A scorpion (D:4)
  A water moccasin skeleton (D:4)
  A hound (D:4)
  2 orc priests
  5 orc wizards (D:4)
  4 gnolls (D:4)
  A howler monkey skeleton (D:4)
  4 adders
  An ufetubus (D:5)
  An adder skeleton (D:4)
  2 worms
  2 dart slugs (D:1)
  11 orcs
  2 ball pythons
  7 endoplasms
  2 giant cockroaches
  8 hobgoblins
  3 jackals (D:2)
  5 quokkas
  5 bats
  A frilled lizard (D:2)
  10 goblins
  4 kobolds
  6 rats
91 creatures vanquished.

Vanquished Creatures (others)
  A withered plant (D:1)
1 creature vanquished.

Grand Total: 92 creatures vanquished

Notes
Turn   | Place    | Note
-------+----------+-------------------------------------------
     0 | D:1      | night the Octopode Venom Mage began the quest for the Orb.
     0 | D:1      | Reached XP level 1. HP: 11/11 MP: 3/3
   294 | D:1      | HP: 1/11 [ball python (1)]
   300 | D:1      | Gained mutation: Your natural rate of healing is unusually
                  | fast. [potion of mutation]
   300 | D:1      | Gained mutation: Your body sometimes deteriorates upon
                  | taking damage. [potion of mutation]
   300 | D:1      | Gained mutation: You are partially covered in iridescent
                  | scales. (AC +2) [potion of mutation]
   348 | D:1      | Reached XP level 2. HP: 17/17 MP: 5/5
   351 | D:1      | Reached skill level 4 in Poison Magic
   514 | D:1      | Found a faded altar of an unknown god.
   628 | D:1      | Reached XP level 3. HP: 21/21 MP: 2/6
   632 | D:1      | Learned a level 3 spell: Mephitic Cloud
   636 | D:1      | Learned a level 3 spell: Ignite Poison
  1163 | D:2      | Reached XP level 4. HP: 27/27 MP: 6/8
  1536 | D:3      | Reached skill level 5 in Poison Magic
  1713 | D:3      | Reached XP level 5. HP: 31/31 MP: 8/10
  2162 | D:4      | Reached skill level 6 in Poison Magic
  2162 | D:4      | Reached XP level 6. HP: 34/36 MP: 2/12
  2299 | D:4      | Learned a level 4 spell: Olgreb's Toxic Radiance
  2310 | D:4      | Noticed an ice beast
  2388 | D:4      | Learned a level 2 spell: Poisonous Vapours
  2480 | D:4      | HP: 3/36 [ice beast (5)]
  2489 | D:4      | Killed an ice beast
  2490 | D:4      | Reached skill level 7 in Poison Magic
  2490 | D:4      | Reached XP level 7. HP: 17/41 MP: 7/14
  2675 | D:4      | Found a staircase to the Ecumenical Temple.
  2695 | Temple   | Entered the Ecumenical Temple
  2711 | Temple   | Became a worshipper of Gozag Ym Sagoz the Greedy
  2863 | D:4      | Reached skill level 5 in Spellcasting
  2869 | D:4      | Found a white marble altar of Elyvilon.
  2869 | D:4      | Found a shimmering altar of Xom.
  3033 | D:4      | Found a runed translucent door.
  3033 | D:4      | Noticed ipx's ghost (amateur DEFE)
  3249 | D:5      | Entered Level 5 of the Dungeon
  3359 | D:5      | Found a blossoming altar of Fedhas.
  3393 | D:5      | HP: 4/41 [ice beast (8)]
  3394 | D:5      | Shot with an arrow by a centaur

Illustrated notes

Levels and vault maps discovered:
D:1:      evilmike_arrival_home_sweet_home, layout_rooms,
          shapermc_ecumenical_altar_flowoftime
D:2:      layout_rooms, kennysheep_generic_room_3
D:3:      layout_loops_cross
D:4:      layout_basic, gammafunk_temple_overflow_elements,
          minmay_temple_entry_steel_oval, gammafunk_ghost_grave
D:5:      layout_loops_corners, fedhas_bush_and_centaur_altar, serial_shops,
          shop
Temple:   regret_index_temple_waves

Skill      XL: |  1  2  3  4  5  6  7 |
---------------+----------------------+-----
Poison Magic   | 4 5 6 7 |  7.7
Spellcasting   | 3 4 5 |  5.5
Dodging        | |  2.0
Stealth        | |  2.6
Transmutations | |  1.0

Action                   |  1- 3 |  4- 6 |  7- 9 || total
-------------------------+-------+-------+-------++-------
Melee: Battleaxe         |    15 |       |       ||    15
       Unarmed           |     3 |       |       ||     3
       Constrict         |    16 |    14 |     2 ||    32
       Dagger            |    41 |    24 |       ||    65
       Mace              |     4 |    41 |    10 ||    55
       Tentacles         |     5 |    13 |     4 ||    22
Throw: Stone             |     8 |       |       ||     8
 Cast: Sting             |    24 |    20 |     3 ||    47
       Ignite Poison     |       |     3 |     3 ||     6
       Mephitic Cloud    |       |     1 |     1 ||     2
       Olgreb's Toxic Ra |       |     2 |     3 ||     5
       Poisonous Vapours |       |       |     2 ||     2
Evoke: Wand              |       |     4 |     1 ||     5
  Use: Potion            |     1 |       |       ||     1
       Scroll            |       |     4 |     2 ||     6
 Stab: Sleeping          |    10 |     2 |       ||    12
       Confused          |       |     1 |       ||     1
       Paralysed         |       |     4 |       ||     4
Armor: Skin              |    15 |    18 |     3 ||    36
Dodge: Dodged            |    39 |    50 |     8 ||    97

Table legend: (Time is in decaauts)
 A = Elapsed time spent in this place.
 B = Non-inter-level travel time spent in this place.
 C = Inter-level travel time spent in this place.
 D = Time resting spent in this place.
 E = Time spent auto-exploring this place.
 F = Levels seen in this place.
 G = Mean time per level.
                   A        B        C        D        E       F      G
               +--------+--------+--------+--------+--------+-----+--------+
         Total |   3424 |   3296 |    128 |    487 |   2060 |   6 |  570.7 |
       Dungeon |   3319 |   3211 |    108 |    487 |   1979 |   5 |  663.8 |
        Temple |    104 |     84 |     20 |      0 |     81 |   1 |  104.0 |
               +--------+--------+--------+--------+--------+-----+--------+

Top non-repeatable levels by time:
     D:4: 1050 daAuts
     D:1: 834 daAuts
     D:3: 746 daAuts
     D:2: 542 daAuts
     D:5: 145 daAuts
  Temple: 104 daAuts
